 Dungeon Crawl Stone Soup version 0.30.0-16-gbe6223bb7e (webtiles) character file.

Game seed: 299571729675749221

49 Demosthentine the Poker (level 3, -3/28 HPs)
             Began as a Demonspawn Gladiator on May 20, 2023.
             Killed from afar by Grinder (16 damage)
             ... with a bolt of light
             ... on level 3 of the Dungeon.
             The game lasted 00:00:52 (1766 turns).

Demosthentine the Poker (Demonspawn Gladiator)      Turns: 1766, Time: 00:00:53

Health: -3/28      AC:  5    Str: 16    XL:     3   Next: 53%
Magic:  3/3        EV: 12    Int:  9    God:
Gold:   129        SH:  0    Dex: 14    Spells: 2/2 levels left

rFire   . . .        a - +0 trident (heavy)
rCold   . . .        (no shield)
rNeg    . . .        b - +0 leather armour
rPois   .            c - +0 helmet
rElec   .            (no cloak)
rCorr   .            (no gloves)
SInv    .            (no boots)
Will    .....        (no amulet)
Stlth   +            (no ring)
HPRegen 0.24/turn    (no ring)
MPRegen 0.08/turn

%: no passive effects
@: no status effects
A: hooves 1, sharp scales 1
a: no special abilities


You were on level 3 of the Dungeon.
You visited 1 branch of the dungeon, and saw 3 of its levels.

You collected 129 gold pieces.

Inventory:

Hand Weapons
 a - a +0 heavy trident (weapon)
Missiles
 d - 3 throwing nets (quivered)
 e - a javelin
Armour
 b - a +0 leather armour (worn)
 c - a +0 helmet (worn)
Jewellery
 j - an amulet of the acrobat
Scrolls
 f - a scroll of teleportation {unknown}
 h - a scroll of blinking
Potions
 g - 2 potions of heal wounds
 k - a potion of invisibility {unknown}


   Skills:
 + Level 2.5 Fighting
 + Level 3.1 Polearms
 - Level 1.7 Throwing
 + Level 1.3 Armour
 + Level 3.1 Dodging


You had 2 spell levels left.
You didn't know any spells.
Your spell library contained the following spells:

 Spells                   Type           Power      Damage    Failure   Level
 Vhi's Electric Charge    Tloc/Air       0%         N/A       83%         3
 Arcjolt                  Conj/Air       0%         1d10      100%        5
 Plasma Beam              Fire/Air       0%         2x1d11    100%        6


Dungeon Overview and Level Annotations

Branches:
Dungeon (3/15)

Altars:

Annotations:
D:3 Grinder


Innate Abilities, Weirdness & Mutations

You have large cloven feet.
You are partially covered in razor-sharp scales. (AC +1, Slay +1)


Message History

The quokka closely misses you.
A quokka is nearby!
You puncture the quokka!
You kill the quokka!
No target in view!
You see here a quokka corpse.
You now have 129 gold pieces (gained 12).
Grinder comes into view.
She is carrying a wand of light (9).
Grinder shouts!
You reach to attack!
You hit Grinder.
Grinder is lightly wounded.
Grinder drinks a potion.
Grinder seems to speed up.
Grinder is nearby!
You reach to attack!
You hit Grinder.
Grinder is lightly wounded.
Grinder gestures at you.
You suddenly lose the ability to move!
Grinder barely misses you. Grinder hits you.
You writhe in agony.
Grinder hits you.
You writhe in agony.
Grinder gestures at you. You resist with significant effort.
You can move again.
You are too injured to fight recklessly!
You are too injured to fight recklessly!
Unknown command.
You are too injured to fight recklessly!
Unknown command.
Unknown command.
You are too injured to fight recklessly!
You are too injured to fight recklessly!
Unknown command.
Unknown command.
You are too injured to fight recklessly!
Unknown command.
Okay, then.
You puncture Grinder! You kick Grinder.
Grinder is heavily wounded.
Grinder zaps a wand.
The bolt of light hits you!
Ouch! That really hurt!
You die...

.......#....#
.......#...##
....#.....######
#...#.......#..#
#.#####.....#..#
#. #..#.....###
# #.
#..#.......# .#
######.....#..#
#...#.@5..#
#....#.....#
...######...#
#### ####


You could see Grinder (fast).

Vanquished Creatures
  2 adders (D:2)
  4 bats (D:1)
  2 goblins (D:2)
  3 hobgoblins
  2 jackals (D:2)
  5 kobolds
  4 quokkas
  2 ball pythons
  4 frilled lizards
  A rat (D:1)
29 creatures vanquished.

Notes
Turn   | Place    | Note
-------+----------+-------------------------------------------
     0 | D:1      | Demosthentine the Demonspawn Gladiator began the quest for
                  | the Orb.
     0 | D:1      | Reached XP level 1. HP: 16/16 MP: 1/1
     0 | D:1      | Noticed a vine stalker
     0 | D:1      | Noticed a gargoyle
     1 | D:1      | Noticed a spriggan
     4 | D:1      | Noticed a minotaur
     4 | D:1      | Noticed an elf
     6 | D:1      | Noticed a vampire
     7 | D:1      | Noticed an ogre
     9 | D:1      | Noticed a draconian
    11 | D:1      | Noticed a troll
    13 | D:1      | Noticed a spriggan
    15 | D:1      | Noticed a vampire
    15 | D:1      | Noticed a naga
    15 | D:1      | Noticed a demonspawn
    17 | D:1      | Noticed a ghoul
    17 | D:1      | Noticed a vine stalker
    19 | D:1      | Noticed a demonspawn
    19 | D:1      | Noticed a demigod
    21 | D:1      | Noticed a minotaur
   195 | D:1      | Gained mutation: You have large cloven feet. [demonic
                  | ancestry]
   195 | D:1      | Reached XP level 2. HP: 22/22 MP: 2/2
  1103 | D:2      | Reached skill level 1 in Armour
  1103 | D:2      | Gained mutation: You are partially covered in razor-sharp
                  | scales. (AC +1, Slay +1) [demonic ancestry]
  1103 | D:2      | Reached XP level 3. HP: 28/28 MP: 3/3
  1761 | D:3      | Noticed Grinder
  1763 | D:3      | Paralysed by Grinder for 3 turns
  1766 | D:3      | Killed from afar by Grinder

Illustrated notes

Levels and vault maps discovered:
D:1:      shiori_arrival_whats_in_store_for_you, layout_basic
D:2:      layout_basic
D:3:      layout_loops_ring, serial_forest, infiniplex_forest_pool,
          infiniplex_forest_clump_curved, infiniplex_forest_lined_3,
          infiniplex_forest_end_2, infiniplex_forest_end_1,
          hangedman_decor_push, uniq_robin, uniq_grinder

Skill      XL: |  1  2 |
---------------+-------+-----
Polearms       | 3 |  3.1
Armour         | 1 |  1.3
Dodging        | 3 |  3.1
Fighting       | |  2.5
Throwing       | |  1.7

Action                     || total
---------------------------++-------
  Melee: Trident           ||    69
         Kick              ||    10
    Use: Scroll            ||     6
   Stab: Sleeping          ||     1
 Armour: Leather armour    ||    17
  Dodge: Dodged            ||    33
